 Dungeon Crawl Stone Soup version 0.26-a0-651-gb41185065b (webtiles) character file.

Game seed: 9453915429347900887

138 Flugslaktarn the Covered (level 5, -9/50 HPs)
             Began as a Deep Dwarf Fighter on Oct 12, 2020.
             Splashed by Ijyb's acid (11 damage)
             ... on level 4 of the Dungeon.
             The game lasted 00:00:33 (608 turns).

Flugslaktarn the Covered (Deep Dwarf Fighter)        Turns: 608, Time: 00:00:34

Health: -9/50      AC: 12    Str: 20    XL:     5   Next: 1%
Magic:  5/5        EV:  4    Int:  8    God:
Gold:   57         SH:  9    Dex: 13    Spells: 4/4 levels left

rFire    . . .     SeeInvis .   a - +0 war axe
rCold    . . .     Faith    .   c - +0 kite shield
rNeg     . . .     Spirit   .   j - +0 plate armour
rPois    .         Reflect  .   (no helmet)
rElec    .         Harm     .   (no cloak)
rCorr    .         Rampage  .   (no gloves)
MR       .....                  i - +0 pair of boots
Stlth    ..........             (no amulet)
HPRegen  0.00/turn              (no ring)
MPRegen  0.09/turn              (no ring)

@: non-regenerating, lightly drained
A: damage resistance, heal wounds, sense surroundings 1, no regeneration
a: Heal Wounds


You were on level 4 of the Dungeon.
You visited 1 branch of the dungeon, and saw 4 of its levels.

You collected 57 gold pieces.

Inventory:

Hand Weapons
 a - a +0 war axe (weapon)
Armour
 b - a +0 scale mail
 c - a +0 kite shield (worn)
 i - a +0 pair of boots (worn)
   (You found it on level 1 of the Dungeon)
 j - a +0 plate armour (worn)
   (You found it on level 1 of the Dungeon)
Jewellery
 e - an uncursed ring of poison resistance {unknown}
   (You found it on level 1 of the Dungeon)
Wands
 n - a wand of paralysis (10)
   (You found it on level 4 of the Dungeon)
Scrolls
 f - 3 scrolls of remove curse {unknown}
 g - a scroll of enchant weapon {unknown}
 h - a scroll of teleportation {unknown}
Potions
 d - a potion of might
 k - a potion of lignification {unknown}
 l - a potion of cancellation {unknown}
 m - 2 potions of curing {unknown}


   Skills:
 * Level 3.7(3.4) Fighting
 * Level 3.7(3.5) Axes
 + Level 4.0(3.7) Armour
 + Level 1.3(1.1) Dodging
 - Level 3.5(3.3) Shields


You had 4 spell levels left.
You didn't know any spells.
Your spell library was empty.

Dungeon Overview and Level Annotations

Branches:
Dungeon (4/15)
 Temple: D:4-7

Altars:
Ru

Annotations:
D:4 Ijyb


Innate Abilities, Weirdness & Mutations

You are resistant to damage.
You can heal yourself by infusing magical energy.
You passively map a small area around you.
You do not regenerate.


Message History

Items here: ))))) [[ †††.
Ijyb the Twisted Goblin comes into view.
She is carrying a wand of acid (13).
Ijyb shouts!
Ijyb is nearby!
Ijyb is nearby!
Ijyb is nearby!
Found a long sword.
Ijyb barely misses you.
You closely miss Ijyb. Ijyb hits you. Ijyb hits you but does no damage.
You hit Ijyb.
Ijyb is lightly wounded.
Ijyb drinks a potion.
Ijyb seems to grow stronger.
Your plate armour prevents you from hitting Ijyb.
Ijyb is lightly wounded.
Ijyb zaps a wand.
The bolt of acid hits you!
You are splashed with acid!
* * * LOW HITPOINT WARNING * * *
Ijyb zaps a wand.
The bolt of acid hits you!
* * * LOW HITPOINT WARNING * * *
You are splashed with acid!
You die...

, * ** * #.#### * ..
*** #.#.. , ... , *
#.#.# #.# # ##.#.#
#.# ###.##....# #.#
* , ..........## #.#
###........####.# *
......g@....)...#
..#..#......###.####
* * * ,# ##.#...#
#....# #)#...#
#.##.# , * #.#...#
#.##.# # ,
.....(###.##.##.## ,
..#............... *
.....#####....####
####...........#


You could see Ijyb (strong).

Vanquished Creatures
  An orc wizard (D:4)
  3 worker ants (D:4)
  An adder (D:3)
  An ooze (D:4)
  A leopard gecko (D:1)
  4 orcs (D:4)
  5 bats
  3 goblins
  A hobgoblin (D:1)
  A kobold (D:1)
  A quokka (D:4)
  2 frilled lizards (D:1)
  5 rats
29 creatures vanquished.

Notes
Turn   | Place    | Note
-------+----------+-------------------------------------------
     0 | D:1      | Flugslaktarn the Deep Dwarf Fighter began the quest for the
                  | Orb.
     0 | D:1      | Reached XP level 1. HP: 20/20 MP: 1/1
   121 | D:1      | Reached XP level 2. HP: 27/27 MP: 2/2
   352 | D:2      | Found a sacrificial altar of Ru.
   435 | D:3      | Reached XP level 3. HP: 29/34 MP: 3/3
   554 | D:4      | Reached XP level 4. HP: 29/42 MP: 4/4
   568 | D:4      | Reached skill level 1 in Dodging
   587 | D:4      | Reached skill level 4 in Armour
   599 | D:4      | Reached XP level 5. HP: 34/50 MP: 5/5
   602 | D:4      | Noticed Ijyb
   608 | D:4      | HP: 2/50 [Ijyb/bolt of acid (9)]
   608 | D:4      | Splashed by Ijyb's acid

Illustrated notes

Levels and vault maps discovered:
D:1:      dpeg_arrival_three_bigger_balls, layout_loops_ring
D:2:      layout_basic, hangedman_ru_absence, gammafunk_temple_overflow_wave
D:3:      layout_basic, nicolae_overflow_hidden_temple,
          nicolae_overflow_crystal_walls, serial_glass, glass_columns_b,
          glass_columns_b, glass_columns_a, glass_columns_b, glass_columns_b,
          glass_columns_c, glass_columns_b, glass_columns_a
D:4:      layout_loops_ring, serial_shops, nicolae_shop_statue_plus, uniq_ijyb

Skill      XL: |  1  2  3  4 |
---------------+-------------+-----
Fighting       | 3 |  3.7
Axes           | 3 |  3.7
Dodging        | 1 |  1.3
Armour         | 4 |  4.0
Shields        | |  3.5

Action                   |  1- 3 |  4- 6 || total
-------------------------+-------+-------++-------
Melee: War axe           |    72 |    39 ||   111
Armor: Scale mail        |     8 |       ||     8
       Plate armour      |    36 |    11 ||    47
Dodge: Dodged            |    22 |     8 ||    30
Block: Kite shield       |    35 |    20 ||    55

Table legend: (Time is in decaauts)
 A = Elapsed time spent in this place.
 B = Non-inter-level travel time spent in this place.
 C = Inter-level travel time spent in this place.
 D = Time resting spent in this place.
 E = Time spent auto-exploring this place.
 F = Levels seen in this place.
 G = Mean time per level.
                   A        B        C        D        E       F      G
               +--------+--------+--------+--------+--------+-----+--------+
         Total |    654 |    582 |     72 |      0 |    324 |   4 |  163.5 |
       Dungeon |    654 |    582 |     72 |      0 |    324 |   4 |  163.5 |
               +--------+--------+--------+--------+--------+-----+--------+

Top non-repeatable levels by time:
     D:1: 308 daAuts
     D:4: 173 daAuts
     D:2: 104 daAuts
     D:3: 67 daAuts
